 Dungeon Crawl Stone Soup version 0.18.1-50-g88ac8fd (webtiles) character file.

221 Antunes the Covered (level 5, 0/69 HPs)
             Began as a Minotaur Fighter on Apr 7, 2017.
             Succumbed to a scorpion's poison
             ... on level 4 of the Dungeon.
             The game lasted 00:09:47 (1757 turns).

Antunes the Covered (Minotaur Fighter)              Turns: 1757, Time: 00:09:47

Health: 0/69       AC: 22    Str: 20    XL:     5   Next: 65%
Magic:  4/4        EV:  2    Int:  6    God:
Gold:   131        SH:  9    Dex: 10    Spells: 0 memorised, 4 levels left

rFire  . . .     SeeInvis .     a - +1 war axe
rCold  . . .     Gourm    .     (armour currently unavailable)
rNeg   + + +     Faith    .     c - +0 shield
rPois  +         Spirit   .     (helmet currently unavailable)
rElec  .         Dismiss  .     (cloak currently unavailable)
rCorr  .         Reflect  .     (gloves currently unavailable)
SustAt .         Harm     .     (boots currently unavailable)
MR     .....     NoTele   +     (no amulet)
Stlth  +.........               (no ring)
                                (no ring)

@: lethally poisoned (0 -> -12), tree-form, not resistant to hostile
enchantments, very unstealthy
A: (retaliatory headbutt), (horns 0)
a: no special abilities


You were on level 4 of the Dungeon.
You were not hungry.
You were a tree.
You visited 1 branch of the dungeon, and saw 5 of its levels.

You collected 131 gold pieces.

Inventory:

Hand Weapons
 a - a +1 war axe (weapon)
 o - a +1 short sword of venom
   (You took it off a kobold on level 2 of the Dungeon)
Missiles
 e - 101 stones (quivered)
Armour
 b - a +0 scale mail (melded)
 c - a +0 shield (worn)
 u - a cursed +0 leather armour
   (You found it on level 5 of the Dungeon)
Jewellery
 j - an uncursed ring of magical power {unknown}
   (You found it on level 1 of the Dungeon)
Scrolls
 i - a scroll of noise {unknown}
 l - a scroll of fear {unknown}
 m - a scroll of remove curse
 n - 5 scrolls of identify
 t - a scroll of teleportation {unknown}
 v - a scroll of enchant weapon
Potions
 d - a potion of might
 g - 2 potions of agility
 h - a potion of haste
 s - a potion of resistance
 w - 2 potions of flight
Comestibles
 f - 2 bread rations
 p - 3 chunks of flesh
 r - 2 slices of pizza


   Skills:
 + Level 4.1 Fighting
 + Level 3.2 Axes
 + Level 0.4 Throwing
 + Level 5.1 Armour
 + Level 2.5 Dodging
 + Level 5.1 Shields


You had 4 spell levels left.
You didn't know any spells.

Dungeon Overview and Level Annotations

Branches:
Dungeon (5/15)
 Temple: D:4-7

Altars:
Trog

Annotations:
D:3 ciphuk's ghost, amateur MfIE


Innate Abilities, Weirdness & Mutations

((You reflexively headbutt those who attack you in melee.))
((You have a pair of horns on your head.))


Message History

You feel sick. The adder barely misses you. You furiously retaliate!
You headbutt the adder!
You kill the adder!
You block the orc wizard's attack.
The scorpion stings you but does no damage.
You hit the orc wizard.
The orc wizard is severely wounded.
You closely miss the scorpion.
The scorpion is moderately wounded.
You closely miss the goblin.
You feel sick. The orc wizard barely misses you. The scorpion stings you!
You are lethally poisoned!
The scorpion poisons you! The goblin barely misses you.
You block the orc wizard's attack. The scorpion stings you.
* * * LOW HITPOINT WARNING * * *
You barely miss the orc wizard.
The orc wizard is severely wounded.
You hit the scorpion but do no damage.
The scorpion is moderately wounded.
You hit the goblin.
The goblin is heavily wounded.
* * * LOW HITPOINT WARNING * * *
You feel sick. You block the goblin's attack.
You block the orc wizard's attack.
The scorpion stings you but does no damage.
The goblin hits you.
* * * LOW HITPOINT WARNING * * *
Drink which item? (? for menu, Esc to quit)
You turn into a tree.
Your +0 scale mail melds into your body.
Your roots penetrate the ground.
* * * LOW HITPOINT WARNING * * *
You feel sick.
The orc wizard hits you but does no damage.
The scorpion stings you but does no damage.
The goblin hits you.
* * * LOW HITPOINT WARNING * * *
You slash the orc wizard!
You kill the orc wizard!
You hit the goblin.
You kill the goblin!
You closely miss the scorpion.
The scorpion is lightly wounded.
* * * LOW HITPOINT WARNING * * *
You feel sick. You block the scorpion's attack. x2
You hit the scorpion.
The scorpion is heavily wounded.
You hit the orc priest.
The orc priest is lightly wounded.
You die...

.##o#........#.######
.##.#.##.....#.#########
s##.#.##.....#..........
>g....o..o..............
))....##.....##.........
o.....##^...............
......######.##.........
......# #.#..so......
......######.#..♣.......
#.#.###.................
#.#.# #.................
#...# #.........########
#..# #.........### #..#
#...........# ##.#
#...........#
#)###...........#
###>.....)........#


You could see a scorpion and an orc priest.

Vanquished Creatures
  Monster Symbol All 'K'
  8 kobolds (D:1 D:2)
8 creatures vanquished. All 'S' 3 adders (D:2 D:4)
3 creatures vanquished. All 'Z' An adder skeleton (D:4)
1 creature vanquished. All 'b' 3 bats (D:1)
3 creatures vanquished. All 'g' Robin (D:4) 15 goblins (D:1 D:2 D:3 D:4) 2 hobgoblins (D:2 D:4)
18 creatures vanquished. All 'h' 2 hounds (D:4 D:5) 3 jackals (D:3)
5 creatures vanquished. All 'l' 2 giant geckos (D:1 D:3) 3 giant newts (D:1 D:2)
5 creatures vanquished. All 'o' An orc priest (D:4) An orc wizard (D:4) 2 orcs (D:4)
4 creatures vanquished. All 'r' 4 rats (D:1 D:2)
4 creatures vanquished. All 's' 6 giant cockroaches (D:1 D:2 D:4)
6 creatures vanquished. All 'w' A dart slug (D:1) A worm (D:2)
2 creatures vanquished.
59 creatures vanquished. Monster Nature Uniques Robin (D:4)
1 creature vanquished. Natural Monsters An orc priest (D:4) 2 hounds (D:4 D:5) An orc wizard (D:4) 3 adders (D:2 D:4) A dart slug (D:1) A worm (D:2) 2 giant geckos (D:1 D:3) 2 orcs (D:4) 6 giant cockroaches (D:1 D:2 D:4) 15 goblins (D:1 D:2 D:3 D:4) 2 hobgoblins (D:2 D:4) 3 jackals (D:3) 8 kobolds (D:1 D:2) 3 bats (D:1) 3 giant newts (D:1 D:2) 4 rats (D:1 D:2)
57 creatures vanquished. Undead Monsters An adder skeleton (D:4)
1 creature vanquished.
59 creatures vanquished. Ascending Order An orc priest (D:4) An orc wizard (D:4) Robin (D:4) An adder skeleton (D:4) A dart slug (D:1) A worm (D:2) 2 hounds (D:4 D:5) 2 orcs (D:4) 2 giant geckos (D:1 D:3) 2 hobgoblins (D:2 D:4) 3 adders (D:2 D:4) 3 jackals (D:3) 3 bats (D:1) 3 giant newts (D:1 D:2) 4 rats (D:1 D:2) 6 giant cockroaches (D:1 D:2 D:4) 8 kobolds (D:1 D:2) 15 goblins (D:1 D:2 D:3 D:4)
59 creatures vanquished.

Notes
Turn   | Place    | Note
--------------------------------------------------------------
     0 | D:1      | Antunes the Minotaur Fighter began the quest for the Orb.
     0 | D:1      | Reached XP level 1. HP: 19/19 MP: 0/0
    77 | D:1      | Reached XP level 2. HP: 20/27 MP: 1/1
   102 | D:1      | Reached skill level 4 in Armour
   293 | D:1      | Reached skill level 4 in Shields
   756 | D:2      | Reached skill level 1 in Dodging
   756 | D:2      | Reached XP level 3. HP: 32/33 MP: 2/2
  1069 | D:2      | Reached skill level 4 in Fighting
  1418 | D:3      | Found a bloodstained altar of Trog.
  1422 | D:3      | Noticed ciphuk's ghost (amateur MfIE)
  1475 | D:4      | Reached skill level 2 in Dodging
  1475 | D:4      | Reached XP level 4. HP: 34/40 MP: 3/3
  1498 | D:4      | Noticed Robin
  1519 | D:4      | Killed Robin
  1519 | D:4      | Reached skill level 3 in Axes
  1546 | D:5      | Entered Level 5 of the Dungeon
  1549 | D:5      | Reached XP level 5. HP: 27/46 MP: 4/4
  1749 | D:4      | Reached skill level 5 in Armour
  1749 | D:4      | Reached skill level 5 in Shields
  1753 | D:4      | HP: 9/46 [scorpion (5)]
  1754 | D:4      | HP: 4/46 [goblin[Robin] (3)]
  1757 | D:4      | Succumbed to a scorpion's poison

Skill      XL: |  1  2  3  4  5 |
---------------+----------------+-----
Armour         | 4 5 |  5.1
Shields        | 4 5 |  5.1
Dodging        | 1 2 |  2.5
Fighting       | 4 |  4.1
Axes           | 3 |  3.2
Throwing       | |  0.4

Action                   |  1- 3 |  4- 6 || total
-------------------------+-------+-------++-------
Melee: War axe           |   128 |    43 ||   171
       Headbutt          |    14 |    12 ||    26
Throw: Stone             |     4 |       ||     4
  Use: Scroll            |     5 |     3 ||     8
       Potion            |       |     1 ||     1
  Eat: Chunk             |     2 |     1 ||     3
Armor: Scale mail        |    75 |    15 ||    90
       Skin              |       |     1 ||     1
Dodge: Dodged            |    34 |    24 ||    58
Block: Shield            |    82 |    36 ||   118
Dungeon Crawl Stone Soup version 0.18.1-50-g88ac8fd (webtiles) character file. 221 Antunes the Covered (level 5, 0/69 HPs) Began as a Minotaur Fighter on Apr 7, 2017. Succumbed to a scorpion's poison ... on level 4 of the Dungeon. The game lasted 00:09:47 (1757 turns). Dungeon Overview and Level Annotations Branches: Dungeon (5/15) Temple: D:4-7 Altars: Trog Annotations: D:3 ciphuk's ghost, amateur MfIE Antunes the Covered (Minotaur Fighter) Turns: 1757, Time: 00:09:47 Health: 0/69 AC: 22 Str: 20 XL: 5 Next: 65% Magic: 4/4 EV: 2 Int: 6 God: Gold: 131 SH: 9 Dex: 10 Spells: 0 memorised, 4 levels left rFire . . . SeeInvis . a - +1 war axe rCold . . . Gourm . (armour currently unavailable) rNeg + + + Faith . c - +0 shield rPois + Spirit . (helmet currently unavailable) rElec . Dismiss . (cloak currently unavailable) rCorr . Reflect . (gloves currently unavailable) SustAt . Harm . (boots currently unavailable) MR ..... NoTele + (no amulet) Stlth +......... (no ring) (no ring) @: lethally poisoned (0 -> -12), tree-form, not resistant to hostile enchantments, very unstealthy A: (retaliatory headbutt), (horns 0) a: no special abilities Innate Abilities, Weirdness & Mutations ((You reflexively headbutt those who attack you in melee.)) ((You have a pair of horns on your head.)) Skills: + Level 4.1 Fighting + Level 3.2 Axes + Level 0.4 Throwing + Level 5.1 Armour + Level 2.5 Dodging + Level 5.1 Shields You had 4 spell levels left. You didn't know any spells. You were on level 4 of the Dungeon. You were not hungry. You were a tree. You visited 1 branch of the dungeon, and saw 5 of its levels. You collected 131 gold pieces. You could see a scorpion and an orc priest. Message History You feel sick. The adder barely misses you. You furiously retaliate! You headbutt the adder! You kill the adder! You block the orc wizard's attack. The scorpion stings you but does no damage. You hit the orc wizard. The orc wizard is severely wounded. You closely miss the scorpion. The scorpion is moderately wounded. You closely miss the goblin. You feel sick. The orc wizard barely misses you. The scorpion stings you! You are lethally poisoned! The scorpion poisons you! The goblin barely misses you. You block the orc wizard's attack. The scorpion stings you. * * * LOW HITPOINT WARNING * * * You barely miss the orc wizard. The orc wizard is severely wounded. You hit the scorpion but do no damage. The scorpion is moderately wounded. You hit the goblin. The goblin is heavily wounded. * * * LOW HITPOINT WARNING * * * You feel sick. You block the goblin's attack. You block the orc wizard's attack. The scorpion stings you but does no damage. The goblin hits you. * * * LOW HITPOINT WARNING * * * Drink which item? (? for menu, Esc to quit) You turn into a tree. Your +0 scale mail melds into your body. Your roots penetrate the ground. * * * LOW HITPOINT WARNING * * * You feel sick. The orc wizard hits you but does no damage. The scorpion stings you but does no damage. The goblin hits you. * * * LOW HITPOINT WARNING * * * You slash the orc wizard! You kill the orc wizard! You hit the goblin. You kill the goblin! You closely miss the scorpion. The scorpion is lightly wounded. * * * LOW HITPOINT WARNING * * * You feel sick. You block the scorpion's attack. x2 You hit the scorpion. The scorpion is heavily wounded. You hit the orc priest. The orc priest is lightly wounded. You die...

Action                   |  1- 3 |  4- 6 || total
-------------------------+-------+-------++-------
Melee: War axe           |   128 |    43 ||   171
       Headbutt          |    14 |    12 ||    26
Throw: Stone             |     4 |       ||     4
  Use: Scroll            |     5 |     3 ||     8
       Potion            |       |     1 ||     1
  Eat: Chunk             |     2 |     1 ||     3
Armor: Scale mail        |    75 |    15 ||    90
       Skin              |       |     1 ||     1
Dodge: Dodged            |    34 |    24 ||    58
Block: Shield            |    82 |    36 ||   118
Notes Turn | Place | Note -------------------------------------------------------------- 0 | D:1 | Antunes the Minotaur Fighter began the quest for the Orb. 0 | D:1 | Reached XP level 1. HP: 19/19 MP: 0/0 77 | D:1 | Reached XP level 2. HP: 20/27 MP: 1/1 102 | D:1 | Reached skill level 4 in Armour 293 | D:1 | Reached skill level 4 in Shields 756 | D:2 | Reached skill level 1 in Dodging 756 | D:2 | Reached XP level 3. HP: 32/33 MP: 2/2 1069 | D:2 | Reached skill level 4 in Fighting 1418 | D:3 | Found a bloodstained altar of Trog. 1422 | D:3 | Noticed ciphuk's ghost (amateur MfIE) 1475 | D:4 | Reached skill level 2 in Dodging 1475 | D:4 | Reached XP level 4. HP: 34/40 MP: 3/3 1498 | D:4 | Noticed Robin 1519 | D:4 | Killed Robin 1519 | D:4 | Reached skill level 3 in Axes 1546 | D:5 | Entered Level 5 of the Dungeon 1549 | D:5 | Reached XP level 5. HP: 27/46 MP: 4/4 1749 | D:4 | Reached skill level 5 in Armour 1749 | D:4 | Reached skill level 5 in Shields 1753 | D:4 | HP: 9/46 [scorpion (5)] 1754 | D:4 | HP: 4/46 [goblin[Robin] (3)] 1757 | D:4 | Succumbed to a scorpion's poison

Table legend:
 A = Turns spent in this place as a percentage of turns spent in the entire game.
 B = Non-inter-level travel turns spent in this place as a percentage of non-inter-level travel turns spent in the entire game.
 C = Inter-level travel turns spent in this place as a percentage of turns spent in this place.
 D = Turns resting spent in this place as a percentage of non-inter-level travel turns spent in this place.
 E = Turns spent auto-exploring this place as a percentage of non-inter-level travel turns spent in this place.
 F = Non-inter-level travel turns spent in this place divided by the number of levels of this place that you've seen.
                   A       B       C       D       E      F
               +-------+-------+-------+-------+-------+----------------------
         Total | 100.0 | 100.0 |   0.4 |   1.1 |  13.0 |  92.0
       Dungeon | 100.0 | 100.0 |   0.4 |   1.1 |  13.0 |  92.0
               +-------+-------+-------+-------+-------+----------------------

Table legend:
 A = Kills in this place as a percentage of kills in entire the game.
 B = Kills by you in this place as a percentage of kills by you in the entire game.
 C = Kills by friends in this place as a percentage of kills by friends in the entire game.
 D = Other kills in this place as a percentage of other kills in the entire game.
 E = Experience gained in this place as a percentage of experience gained in the entire game.
 F = Experience gained in this place divided by the number of levels of this place that you have seen.
                   A       B       C       D       E      F
               +-------+-------+-------+-------+-------+----------------------
         Total | 100.0 | 100.0 |  -nan |  -nan | 100.0 |  63.4
       Dungeon | 100.0 | 100.0 |  -nan |  -nan | 100.0 |  63.4
               +-------+-------+-------+-------+-------+----------------------

Vault maps used:
D:1:      evilmike_arrival_crescent
D:3:      lemuel_doored_altar, first_bread, gup_sewer_entry_bubbles
D:4:      uniq_robin
D:5:      vehumet_crystals, minmay_temple_entry_purple_smoke
